[Event "Live Chess"]
[Site "Chess.com"]
[Date "2010.12.05"]
[Round "-"]
[White "hipposcottimus"]
[Black "michael10582"]
[Result "1-0"]
[CurrentPosition "8/8/P6p/6pk/8/6P1/5K1P/1R6 b - -"]
[Timezone "UTC"]
[ECO "C40"]
[ECOUrl "https://www.chess.com/openings/Kings-Pawn-Opening-Kings-Knight-Busch-Gass-Gambit-3.Nxe5"]
[UTCDate "2010.12.05"]
[UTCTime "03:42:01"]
[WhiteElo "1380"]
[BlackElo "1391"]
[TimeControl "480"]
[Termination "hipposcottimus won by resignation"]
[StartTime "03:42:01"]
[EndDate "2010.12.05"]
[EndTime "03:53:23"]
[Link "https://www.chess.com/game/live/74161655"]

1. e4 e5 2. Nf3 Bc5 3. Nxe5 Qh4 4. d4 Qxe4+ 5. Be3 d6 6. Nxf7 Kxf7 7. dxc5 dxc5 8. b3 Be6 9. Nc3 Qe5 10. Qd2 Nc6 11. Be2 Rd8 12. Bd3 c4 13. bxc4 Nb4 14. O-O Nf6 15. Rfe1 Ng4 16. f4 Qh5 17. g3 Bxc4 18. Bxc4+ Kg6 19. f5+ Qxf5 20. Nd5 Nxd5 21. Bd3 Ndxe3 22. Bxf5+ Nxf5 23. Qf4 Rhf8 24. Qxg4+ Kf7 25. Qxf5+ Kg8 26. Qe6+ Kh8 27. Rf1 Rfe8 28. Qf7 h6 29. Qxc7 Rc8 30. Qxb7 Rxc2 31. Qxa7 Ree2 32. Rf2 Rxf2 33. Qxf2 Rxf2 34. Kxf2 g5 35. Rb1 Kg7 36. a4 Kg6 37. a5 Kh5 38. a6 1-0

[Event "Live Chess"]
[Site "Chess.com"]
[Date "2010.12.05"]
[Round "-"]
[White "hipposcottimus"]
[Black "lukr"]
[Result "1-0"]
[CurrentPosition "r1b1k2r/p3nppp/2p1p3/3pP3/Q1pP4/R1q1BN2/3N1PPP/5RK1 b kq -"]
[Timezone "UTC"]
[ECO "C02"]
[ECOUrl "https://www.chess.com/openings/French-Defense-Advance-Nimzowitsch-System-4...Nc6"]
[UTCDate "2010.12.05"]
[UTCTime "03:33:45"]
[WhiteElo "1371"]
[BlackElo "1479"]
[TimeControl "600+5"]
[Termination "hipposcottimus won by resignation"]
[StartTime "03:33:45"]
[EndDate "2010.12.05"]
[EndTime "03:37:37"]
[Link "https://www.chess.com/game/live/74160113"]

1. e4 e6 2. d4 d5 3. e5 c5 4. Nf3 Nc6 5. Bb5 Qb6 6. Bxc6+ bxc6 7. Be3 Qxb2 8. Nbd2 c4 9. c3 Qxc3 10. O-O Bb4 11. Qa4 Ne7 12. a3 Bxa3 13. Rxa3 1-0

[Event "Live Chess"]
[Site "Chess.com"]
[Date "2010.12.05"]
[Round "-"]
[White "hipposcottimus"]
[Black "JetDash"]
[Result "0-1"]
[CurrentPosition "3R4/2k5/p6p/5R1p/P7/8/1P4PP/6K1 w - -"]
[Timezone "UTC"]
[ECO "C00"]
[ECOUrl "https://www.chess.com/openings/French-Defense-Knight-Variation"]
[UTCDate "2010.12.05"]
[UTCTime "03:24:17"]
[WhiteElo "1557"]
[BlackElo "1710"]
[TimeControl "60"]
[Termination "JetDash won on time"]
[StartTime "03:24:17"]
[EndDate "2010.12.05"]
[EndTime "03:26:34"]
[Link "https://www.chess.com/game/live/74158305"]

1. e4 e6 2. Nf3 h6 3. e5 a6 4. d4 c6 5. c4 d6 6. Nc3 d5 7. Bd2 Ne7 8. Be2 Ng6 9. O-O Be7 10. Ne1 Bd7 11. f4 Nf8 12. Bd3 b6 13. f5 c5 14. fxe6 Nxe6 15. cxd5 Nxd4 16. Be3 Nb5 17. d6 Bg5 18. Qf3 Rf8 19. Nd5 Bxe3+ 20. Qxe3 Nc6 21. Qf3 Ncd4 22. Qf4 Ne2+ 23. Bxe2 Qg5 24. Bh5 Qxf4 25. Rxf4 g6 26. a4 Nd4 27. Nc7+ Kd8 28. Nxa8 Nf5 29. Nxb6 gxh5 30. Nxd7 Kxd7 31. Rxf5 Ke6 32. Rf1 f6 33. Nd3 f5 34. Nxc5+ Kxe5 35. d7 Kd6 36. Rad1+ Kxc5 37. d8=Q Rxd8 38. Rxd8 Kc6 39. Rxf5 Kc7 0-1

[Event "Live Chess"]
[Site "Chess.com"]
[Date "2010.12.05"]
[Round "-"]
[White "1234qwer"]
[Black "hipposcottimus"]
[Result "1-0"]
[CurrentPosition "8/7p/6p1/8/8/6PP/6Q1/5k1K b - -"]
[Timezone "UTC"]
[ECO "C45"]
[ECOUrl "https://www.chess.com/openings/Scotch-Game"]
[UTCDate "2010.12.05"]
[UTCTime "03:21:22"]
[WhiteElo "1560"]
[BlackElo "1557"]
[TimeControl "60"]
[Termination "1234qwer won on time"]
[StartTime "03:21:22"]
[EndDate "2010.12.05"]
[EndTime "03:23:42"]
[Link "https://www.chess.com/game/live/74157784"]

1. e4 e5 2. Nf3 Nc6 3. d4 Nf6 4. d5 Ne7 5. Nc3 d6 6. Bc4 c6 7. O-O cxd5 8. exd5 Bg4 9. Be2 Nexd5 10. Nxd5 Bxf3 11. Bxf3 e4 12. Be2 Be7 13. Nxe7 Qxe7 14. f3 O-O 15. fxe4 Nxe4 16. Bd3 d5 17. Bxe4 Qc5+ 18. Kh1 dxe4 19. Qe2 Rad8 20. Be3 Rfe8 21. Bxc5 e3 22. Rf3 b6 23. Bxe3 f5 24. Bf4 Rxe2 25. Rg1 Rxc2 26. Rg3 Rxb2 27. Be5 g6 28. Bxb2 Rd2 29. Rc3 Rxb2 30. Ra3 Re2 31. g3 Re8 32. Rd1 Ra8 33. Rd7 a6 34. Rad3 b5 35. Rd8+ Rxd8 36. Rxd8+ Kf7 37. Rd7+ Ke6 38. Ra7 b4 39. Rxa6+ Ke5 40. Ra5+ Ke4 41. a3 b3 42. Rb5 b2 43. Rxb2 f4 44. a4 f3 45. a5 Ke3 46. Rf2 Kxf2 47. a6 Ke2 48. a7 f2 49. h3 f1=Q+ 50. Kh2 Qf2+ 51. Kh1 Kf1 52. a8=Q Qg2+ 53. Qxg2+ 1-0

[Event "Live Chess"]
[Site "Chess.com"]
[Date "2010.12.05"]
[Round "-"]
[White "miker555"]
[Black "hipposcottimus"]
[Result "0-1"]
[CurrentPosition "r1b2rk1/ppp3pp/8/4p3/4Q3/2P5/4NqPP/1N3K2 w - -"]
[Timezone "UTC"]
[ECO "C24"]
[ECOUrl "https://www.chess.com/openings/Bishops-Opening-Berlin-Defense"]
[UTCDate "2010.12.05"]
[UTCTime "03:19:21"]
[WhiteElo "1404"]
[BlackElo "1565"]
[TimeControl "60"]
[Termination "hipposcottimus won by checkmate"]
[StartTime "03:19:21"]
[EndDate "2010.12.05"]
[EndTime "03:20:54"]
[Link "https://www.chess.com/game/live/74157368"]

1. e4 e5 2. Bc4 Nf6 3. Qf3 Nc6 4. b3 Nd4 5. Qd1 d5 6. Bb2 dxc4 7. Bxd4 Qxd4 8. bxc4 Qxa1 9. c3 Qxa2 10. Qc2 Qxc4 11. Ne2 Nxe4 12. O-O Bc5 13. d3 Bxf2+ 14. Rxf2 Qc5 15. dxe4 O-O 16. Qd3 f5 17. Kf1 fxe4 18. Qxe4 Qxf2# 0-1

[Event "Live Chess"]
[Site "Chess.com"]
[Date "2010.12.05"]
[Round "-"]
[White "hipposcottimus"]
[Black "totenking"]
[Result "0-1"]
[CurrentPosition "r1bqk2r/5ppp/p3p3/2bp4/8/1B3P2/PP3nPP/RNBQ1K2 b kq -"]
[Timezone "UTC"]
[ECO "B30"]
[ECOUrl "https://www.chess.com/openings/Sicilian-Defense-Old-Sicilian-Variation-3.Bc4-e6"]
[UTCDate "2010.12.05"]
[UTCTime "03:17:59"]
[WhiteElo "1560"]
[BlackElo "1703"]
[TimeControl "60"]
[Termination "totenking won by resignation"]
[StartTime "03:17:59"]
[EndDate "2010.12.05"]
[EndTime "03:18:47"]
[Link "https://www.chess.com/game/live/74157095"]

1. e4 c5 2. Nf3 Nc6 3. Bc4 e6 4. d4 cxd4 5. Nxd4 a6 6. Nxc6 bxc6 7. O-O d5 8. Bb3 Nf6 9. c4 Nxe4 10. cxd5 cxd5 11. f3 Bc5+ 12. Rf2 Nxf2 13. Kf1 0-1

[Event "Live Chess"]
[Site "Chess.com"]
[Date "2010.12.05"]
[Round "-"]
[White "tuckerjames"]
[Black "hipposcottimus"]
[Result "1-0"]
[CurrentPosition "r1b1r1k1/pp1n2pp/2q5/2PBPp2/1P6/2P3P1/PB3P1P/R2QK1NR b KQ -"]
[Timezone "UTC"]
[ECO "A00"]
[ECOUrl "https://www.chess.com/openings/Vant-Kruijs-Opening-1...e5"]
[UTCDate "2010.12.05"]
[UTCTime "02:36:46"]
[WhiteElo "1591"]
[BlackElo "1560"]
[TimeControl "60"]
[Termination "tuckerjames won by resignation"]
[StartTime "02:36:46"]
[EndDate "2010.12.05"]
[EndTime "02:37:44"]
[Link "https://www.chess.com/game/live/74149028"]

1. e3 e5 2. b3 d5 3. Bb2 d4 4. g3 f5 5. Bg2 Nf6 6. d3 c6 7. exd4 Nbd7 8. dxe5 Nd5 9. d4 Bb4+ 10. c3 Ba5 11. b4 Bb6 12. Na3 O-O 13. Nc4 c5 14. Nxb6 Qxb6 15. dxc5 Qb5 16. Bf1 Qc6 17. Bg2 Re8 18. Bxd5+ 1-0

[Event "Live Chess"]
[Site "Chess.com"]
[Date "2010.12.05"]
[Round "-"]
[White "hipposcottimus"]
[Black "Damavand"]
[Result "0-1"]
[CurrentPosition "6k1/p3p3/2p3pb/7p/1B2p2P/1PPb2P1/P2r4/4R1K1 w - -"]
[Timezone "UTC"]
[ECO "A06"]
[ECOUrl "https://www.chess.com/openings/Reti-Opening-Tennison-Gambit"]
[UTCDate "2010.12.05"]
[UTCTime "02:34:06"]
[WhiteElo "1568"]
[BlackElo "1527"]
[TimeControl "60"]
[Termination "Damavand won on time"]
[StartTime "02:34:06"]
[EndDate "2010.12.05"]
[EndTime "02:36:15"]
[Link "https://www.chess.com/game/live/74148454"]

1. e4 d5 2. Nf3 dxe4 3. Ng5 Nf6 4. f3 h6 5. Nxe4 Nxe4 6. fxe4 g6 7. Be2 Bg7 8. O-O Nc6 9. d4 Qxd4+ 10. Kh1 Qxd1 11. Rxd1 Nb4 12. Na3 Be6 13. c3 Nc6 14. Bb5 O-O 15. Bxc6 bxc6 16. Bf4 Rfd8 17. Rxd8+ Rxd8 18. Bxc7 Rd7 19. Ba5 f5 20. Bb4 fxe4 21. Re1 Bf5 22. Kg1 Rd2 23. Nc4 Rd3 24. Kf2 h5 25. g3 Bh6 26. Ke2 Rd7 27. Kf2 Be6 28. h4 Bxc4 29. b3 Rd2+ 30. Kg1 Bd3 0-1

[Event "Live Chess"]
[Site "Chess.com"]
[Date "2010.12.05"]
[Round "-"]
[White "serengog"]
[Black "hipposcottimus"]
[Result "1-0"]
[CurrentPosition "r1nR2k1/pp2q1pp/8/2P3Q1/8/1P4PP/PB4PK/8 b - -"]
[Timezone "UTC"]
[ECO "C58"]
[ECOUrl "https://www.chess.com/openings/Italian-Game-Knight-Attack-Polerio-Bishop-Check-Line-6...Bd7"]
[UTCDate "2010.12.05"]
[UTCTime "02:09:57"]
[WhiteElo "1584"]
[BlackElo "1359"]
[TimeControl "720+2"]
[Termination "serengog won by resignation"]
[StartTime "02:09:57"]
[EndDate "2010.12.05"]
[EndTime "02:31:53"]
[Link "https://www.chess.com/game/live/74143780"]

1. e4 e5 2. Nf3 Nc6 3. Bc4 Nf6 4. Ng5 d5 5. exd5 Na5 6. Bb5+ Bd7 7. Bxd7+ Nxd7 8. d4 Be7 9. Ne4 Nc4 10. b3 Ncb6 11. dxe5 Nxe5 12. c4 O-O 13. O-O f5 14. Ng3 Bd6 15. Bb2 Ng4 16. Nd2 c6 17. h3 Bxg3 18. fxg3 Ne3 19. Qh5 Nxf1 20. Rxf1 Qd7 21. Nf3 cxd5 22. c5 Nc8 23. Qg5 Rf7 24. Ne5 Qe7 25. Nxf7 Qxf7 26. Rxf5 Qe7 27. Rxd5 Qe1+ 28. Kh2 Qe7 29. Rd8+ 1-0

[Event "Live Chess"]
[Site "Chess.com"]
[Date "2010.12.05"]
[Round "-"]
[White "hipposcottimus"]
[Black "MAGMAMA"]
[Result "0-1"]
[CurrentPosition "r3r1k1/ppp2pp1/2b4p/8/3N4/8/PPP2PqP/3R1RK1 w - -"]
[Timezone "UTC"]
[ECO "C62"]
[ECOUrl "https://www.chess.com/openings/Ruy-Lopez-Opening-Old-Steinitz-Defense-4.d4-exd4-5.Qxd4"]
[UTCDate "2010.12.05"]
[UTCTime "01:04:36"]
[WhiteElo "1568"]
[BlackElo "1414"]
[TimeControl "60"]
[Termination "MAGMAMA won by checkmate"]
[StartTime "01:04:36"]
[EndDate "2010.12.05"]
[EndTime "01:06:14"]
[Link "https://www.chess.com/game/live/74130608"]

1. e4 e5 2. Nf3 d6 3. d4 exd4 4. Qxd4 Nc6 5. Bb5 Bd7 6. Bxc6 Bxc6 7. O-O Nf6 8. Nc3 Be7 9. e5 dxe5 10. Qxe5 O-O 11. Bg5 Re8 12. Qg3 Nh5 13. Qg4 Bxg5 14. Nxg5 Nf6 15. Qh4 Nd5 16. Rad1 h6 17. Nge4 Qxh4 18. Nxd5 Bxd5 19. Ng3 Bc6 20. Nf5 Qg5 21. Nd4 Qxg2# 0-1

[Event "Live Chess"]
[Site "Chess.com"]
[Date "2010.12.05"]
[Round "-"]
[White "hipposcottimus"]
[Black "HarryWHolster"]
[Result "0-1"]
[CurrentPosition "2k5/p1p1r3/1p6/1P1p4/P2K4/8/8/8 w - -"]
[Timezone "UTC"]
[ECO "B00"]
[ECOUrl "https://www.chess.com/openings/Owens-Defense"]
[UTCDate "2010.12.05"]
[UTCTime "01:01:42"]
[WhiteElo "1568"]
[BlackElo "1754"]
[TimeControl "60"]
[Termination "HarryWHolster won on time"]
[StartTime "01:01:42"]
[EndDate "2010.12.05"]
[EndTime "01:03:46"]
[Link "https://www.chess.com/game/live/74130142"]

1. e4 b6 2. Nf3 Bb7 3. Nc3 g6 4. d4 Bg7 5. Be3 e6 6. Bd3 h5 7. Qe2 h4 8. g3 hxg3 9. fxg3 Nf6 10. O-O-O Qe7 11. Rhf1 Nh5 12. g4 Nf6 13. e5 Nxg4 14. h3 Nf6 15. exf6 Bxf6 16. Ne5 Bxe5 17. dxe5 Rxh3 18. Qg4 Rh5 19. Rh1 Rxh1 20. Bxg6 Rxd1+ 21. Kxd1 fxg6 22. Qxg6+ Qf7 23. Qd3 Bf3+ 24. Kc1 Qh5 25. Bd4 Qh1+ 26. Kd2 Qg2+ 27. Ne2 Qxe2+ 28. Qxe2 Bxe2 29. Kxe2 Nc6 30. Kd3 Nxd4 31. Kxd4 O-O-O 32. c4 Rg8 33. b4 Rg4+ 34. Kc3 d5 35. cxd5 exd5 36. e6 Re4 37. b5 Rxe6 38. a4 Re3+ 39. Kd4 Re7 0-1

[Event "Live Chess"]
[Site "Chess.com"]
[Date "2010.12.05"]
[Round "-"]
[White "hipposcottimus"]
[Black "90pause"]
[Result "1-0"]
[CurrentPosition "4rrk1/1b1p3R/p5Q1/2p3N1/2pp4/8/PP3PP1/R2B2K1 b - -"]
[Timezone "UTC"]
[ECO "B20"]
[ECOUrl "https://www.chess.com/openings/Sicilian-Defense"]
[UTCDate "2010.12.05"]
[UTCTime "00:58:45"]
[WhiteElo "1572"]
[BlackElo "1479"]
[TimeControl "60"]
[Termination "hipposcottimus won by checkmate"]
[StartTime "00:58:45"]
[EndDate "2010.12.05"]
[EndTime "01:00:30"]
[Link "https://www.chess.com/game/live/74129588"]

1. e4 c5 2. Bb5 a6 3. Be2 b5 4. Nf3 Nc6 5. d4 e6 6. d5 Nce7 7. c4 Nf6 8. Qc2 Bb7 9. Nc3 bxc4 10. e5 Nfxd5 11. Nxd5 exd5 12. O-O Ng6 13. Re1 Be7 14. Bf4 O-O 15. Bg3 f6 16. Bd1 fxe5 17. Bxe5 Nxe5 18. Rxe5 Bd6 19. Rh5 g6 20. Rh6 Qg5 21. Nxg5 Bxh2+ 22. Rxh2 d4 23. Rxh7 Rae8 24. Qxg6# 1-0

[Event "Live Chess"]
[Site "Chess.com"]
[Date "2010.12.05"]
[Round "-"]
[White "chitown33"]
[Black "hipposcottimus"]
[Result "0-1"]
[CurrentPosition "2r1r1k1/bp1b1ppp/p4q2/3p1P2/2pN2B1/2P4Q/PP4PP/3R1R1K w - -"]
[Timezone "UTC"]
[ECO "C44"]
[ECOUrl "https://www.chess.com/openings/Kings-Pawn-Opening-Tayler-Opening-3...Nf6"]
[UTCDate "2010.12.05"]
[UTCTime "00:55:06"]
[WhiteElo "1528"]
[BlackElo "1566"]
[TimeControl "60"]
[Termination "hipposcottimus won on time"]
[StartTime "00:55:06"]
[EndDate "2010.12.05"]
[EndTime "00:57:09"]
[Link "https://www.chess.com/game/live/74128740"]

1. e4 e5 2. Nf3 Nc6 3. Be2 Nf6 4. O-O Nxe4 5. d3 Nf6 6. Bg5 d5 7. Qd2 Qd6 8. c3 Be7 9. Bxf6 Bxf6 10. Na3 O-O 11. Nb5 Qe6 12. d4 Bd8 13. dxe5 Nxe5 14. Nxe5 Qxe5 15. f4 Qf6 16. Nd4 c6 17. f5 Bc7 18. Bg4 c5 19. Nb5 Bb8 20. Qf2 a6 21. Na3 Ba7 22. Kh1 c4 23. Qg3 Re8 24. Nc2 Bd7 25. Nd4 Bc6 26. Rad1 Rac8 27. Qh3 Bd7 0-1

[Event "Live Chess"]
[Site "Chess.com"]
[Date "2010.12.05"]
[Round "-"]
[White "hipposcottimus"]
[Black "thundurrr"]
[Result "0-1"]
[CurrentPosition "4R3/3pBk1p/2p3p1/5p2/5P2/3p4/r5PP/6K1 w - -"]
[Timezone "UTC"]
[ECO "C47"]
[ECOUrl "https://www.chess.com/openings/Four-Knights-Game"]
[UTCDate "2010.12.05"]
[UTCTime "00:51:44"]
[WhiteElo "1559"]
[BlackElo "1667"]
[TimeControl "120"]
[Termination "thundurrr won on time"]
[StartTime "00:51:44"]
[EndDate "2010.12.05"]
[EndTime "00:54:41"]
[Link "https://www.chess.com/game/live/74127852"]

1. e4 e5 2. Nf3 Nf6 3. Nc3 Nc6 4. d4 exd4 5. Nxd4 Bb4 6. Nxc6 Bxc3+ 7. bxc3 bxc6 8. Bc4 Nxe4 9. O-O O-O 10. Re1 Nd6 11. Bb3 a5 12. c4 a4 13. c5 axb3 14. cxd6 bxc2 15. Qxc2 cxd6 16. Bb2 Re8 17. Qc3 Rxe1+ 18. Rxe1 f6 19. Qg3 d5 20. Bc1 Rxa2 21. Bh6 g6 22. f4 f5 23. Bg5 Qb6+ 24. Qe3 Qxe3+ 25. Rxe3 d4 26. Re8+ Kf7 27. Rxc8 d3 28. Rd8 Ke6 29. Re8+ Kd6 30. Be7+ Kd5 31. Rd8 Ke6 32. Re8 Kf7 0-1

[Event "Live Chess"]
[Site "Chess.com"]
[Date "2010.12.05"]
[Round "-"]
[White "okeymet"]
[Black "hipposcottimus"]
[Result "0-1"]
[CurrentPosition "8/p1p4p/6b1/Pk4p1/8/4K1P1/7P/2R5 w - -"]
[Timezone "UTC"]
[ECO "C46"]
[ECOUrl "https://www.chess.com/openings/Three-Knights-Opening"]
[UTCDate "2010.12.05"]
[UTCTime "00:48:04"]
[WhiteElo "1212"]
[BlackElo "1565"]
[TimeControl "60"]
[Termination "hipposcottimus won on time"]
[StartTime "00:48:04"]
[EndDate "2010.12.05"]
[EndTime "00:50:06"]
[Link "https://www.chess.com/game/live/74127006"]

1. e4 e5 2. Nc3 Nc6 3. Nf3 Nf6 4. Bb5 Bb4 5. Bxc6 Bxc3 6. dxc3 dxc6 7. Qxd8+ Kxd8 8. Bg5 Ke7 9. Bxf6+ Kxf6 10. O-O Re8 11. Rad1 Ke7 12. Rfe1 Kf8 13. Rd3 b6 14. Nh4 Ba6 15. c4 Kg8 16. Rc3 b5 17. Nf5 bxc4 18. b3 g5 19. bxc4 Red8 20. a4 Rab8 21. Rc1 Rb4 22. Ne7+ Kf8 23. Nxc6 Rxc4 24. Rxc4 Bxc4 25. Nxd8 Ke8 26. Nc6 Be6 27. a5 f5 28. c3 fxe4 29. Nxe5 Ke7 30. Nc6+ Kf6 31. c4 Bd7 32. Re1 Bxc6 33. f3 Ke5 34. fxe4 Bxe4 35. Kf2 Kd4 36. c5 Bc6 37. Rd1+ Kxc5 38. g3 Kb5 39. Rc1 Be4 40. Ke3 Bg6 0-1

[Event "Live Chess"]
[Site "Chess.com"]
[Date "2010.12.05"]
[Round "-"]
[White "leonardodavinci1964"]
[Black "hipposcottimus"]
[Result "1-0"]
[CurrentPosition "1r5k/p5pp/4b3/2q5/2p5/2P2BQ1/PP4P1/R6K b - -"]
[Timezone "UTC"]
[ECO "C44"]
[ECOUrl "https://www.chess.com/openings/Kings-Pawn-Opening-Kings-Knight-Variation-2...Nc6-3.d3-Nf6"]
[UTCDate "2010.12.05"]
[UTCTime "00:43:41"]
[WhiteElo "1547"]
[BlackElo "1563"]
[TimeControl "60"]
[Termination "leonardodavinci1964 won on time"]
[StartTime "00:43:41"]
[EndDate "2010.12.05"]
[EndTime "00:45:43"]
[Link "https://www.chess.com/game/live/74126397"]

1. e4 e5 2. Nf3 Nc6 3. d3 Nf6 4. c3 d5 5. Be2 dxe4 6. dxe4 Bd6 7. Nbd2 O-O 8. O-O Ne7 9. Nh4 c5 10. f4 Nc6 11. fxe5 Bxe5 12. Ndf3 Nxe4 13. Nxe5 Qxh4 14. Nxc6 bxc6 15. Bf3 Ng5 16. Bxc6 Rb8 17. Bxg5 Qxg5 18. Ba4 Bh3 19. Rf2 Rfd8 20. Qf1 Rd5 21. Bb3 Rf5 22. Rxf5 Bxf5 23. h3 Bxh3 24. Qxf7+ Kh8 25. Qf3 Bg4 26. Qg3 c4 27. Bd1 Qc5+ 28. Kh1 Be6 29. Bf3 1-0

[Event "Live Chess"]
[Site "Chess.com"]
[Date "2010.12.05"]
[Round "-"]
[White "MAGMAMA"]
[Black "hipposcottimus"]
[Result "1-0"]
[CurrentPosition "4r1k1/p3qpQp/b1p1r3/8/2p1P3/2BP3P/PP3PP1/1R2R1K1 b - -"]
[Timezone "UTC"]
[ECO "C65"]
[ECOUrl "https://www.chess.com/openings/Ruy-Lopez-Opening-Berlin-Defense-4.Bxc6-dxc6-5.d3"]
[UTCDate "2010.12.05"]
[UTCTime "00:37:47"]
[WhiteElo "1414"]
[BlackElo "1572"]
[TimeControl "60"]
[Termination "MAGMAMA won by checkmate"]
[StartTime "00:37:47"]
[EndDate "2010.12.05"]
[EndTime "00:39:07"]
[Link "https://www.chess.com/game/live/74125132"]

1. e4 e5 2. Nf3 Nc6 3. Bb5 Nf6 4. Bxc6 dxc6 5. d3 Bd6 6. h3 c5 7. O-O O-O 8. Re1 Nh5 9. Nxe5 Bxe5 10. Qxh5 Bf6 11. Qxc5 b6 12. Qe3 Bb7 13. Qe2 Re8 14. c3 Qe7 15. Nd2 Rad8 16. Nf3 Ba6 17. c4 Bd4 18. Rb1 c6 19. Nxd4 Rxd4 20. Be3 Rd6 21. Qg4 Re6 22. Bd2 b5 23. Bc3 bxc4 24. Qxg7# 1-0

[Event "Live Chess"]
[Site "Chess.com"]
[Date "2010.12.05"]
[Round "-"]
[White "hipposcottimus"]
[Black "PaulJansen"]
[Result "0-1"]
[CurrentPosition "r3r1k1/6pp/p2R4/1p6/1Pb4B/P7/6PP/7K w - -"]
[Timezone "UTC"]
[ECO "B20"]
[ECOUrl "https://www.chess.com/openings/Sicilian-Defense"]
[UTCDate "2010.12.05"]
[UTCTime "00:29:56"]
[WhiteElo "1572"]
[BlackElo "1750"]
[TimeControl "60"]
[Termination "PaulJansen won on time"]
[StartTime "00:29:56"]
[EndDate "2010.12.05"]
[EndTime "00:32:10"]
[Link "https://www.chess.com/game/live/74123549"]

1. e4 c5 2. Bb5 a6 3. Be2 e6 4. Nf3 Be7 5. d4 d6 6. dxc5 dxc5 7. Nc3 Qxd1+ 8. Bxd1 Nf6 9. O-O Nfd7 10. Re1 O-O 11. Be2 e5 12. Bg5 f6 13. Bh4 Nc6 14. Bg3 Nd4 15. Nd5 Nxf3+ 16. Bxf3 Bd6 17. c4 Nb6 18. a3 Nxc4 19. b3 Nd2 20. Re3 Nxf3+ 21. Rxf3 Bg4 22. Re3 Be6 23. b4 c4 24. Rc1 b5 25. Nb6 Rab8 26. Nd5 f5 27. f4 fxe4 28. fxe5 Bxe5 29. Rxe4 Bd4+ 30. Kh1 Bxd5 31. Rxd4 Be6 32. Rd6 Bf5 33. Rcd1 Bd3 34. Rd5 Ra8 35. Rc5 Rfd8 36. Re5 Re8 37. Rd5 Red8 38. Rc5 Re8 39. Rxc4 Bxc4 40. Bh4 Rf8 41. Rd6 Rfe8 0-1

[Event "Live Chess"]
[Site "Chess.com"]
[Date "2010.12.05"]
[Round "-"]
[White "hipposcottimus"]
[Black "Yehualashet"]
[Result "0-1"]
[CurrentPosition "3r2k1/2p2pp1/1p2p2p/p3P1n1/2P1R1P1/2Q3B1/PP3P1P/3q2K1 w - -"]
[Timezone "UTC"]
[ECO "B07"]
[ECOUrl "https://www.chess.com/openings/Pirc-Defense-Modern-Defense-Geller-System"]
[UTCDate "2010.12.05"]
[UTCTime "00:26:30"]
[WhiteElo "1567"]
[BlackElo "1577"]
[TimeControl "60"]
[Termination "Yehualashet won on time"]
[StartTime "00:26:30"]
[EndDate "2010.12.05"]
[EndTime "00:28:39"]
[Link "https://www.chess.com/game/live/74122873"]

1. e4 d6 2. Nf3 e6 3. d4 h6 4. c4 Nf6 5. Nc3 Be7 6. Bd3 O-O 7. O-O b6 8. Re1 a5 9. e5 Nh7 10. Bf4 Bb7 11. Nd2 dxe5 12. dxe5 Nc6 13. Re3 Nd4 14. Be4 Bxe4 15. Rxe4 Nf5 16. g4 Nd4 17. Nb3 Nxb3 18. Qxb3 Qd3 19. Rd1 Qf3 20. Bg3 Ng5 21. Rf4 Qe3 22. Nb1 Qc5 23. Qc3 Rad8 24. Rxd8 Rxd8 25. Nd2 Nh7 26. Nf3 Bg5 27. Nxg5 Nxg5 28. Kg2 Qc6+ 29. Kg1 Qd7 30. Re4 Qd1+ 0-1

[Event "Live Chess"]
[Site "Chess.com"]
[Date "2010.12.05"]
[Round "-"]
[White "Yehualashet"]
[Black "hipposcottimus"]
[Result "0-1"]
[CurrentPosition "2r3k1/4Rp1p/1PN5/B4p2/4p3/4P3/1Q3PPP/1R4K1 w - -"]
[Timezone "UTC"]
[ECO "D00"]
[ECOUrl "https://www.chess.com/openings/Queens-Pawn-Opening-1...d5-2.e3"]
[UTCDate "2010.12.05"]
[UTCTime "00:23:22"]
[WhiteElo "1569"]
[BlackElo "1575"]
[TimeControl "60"]
[Termination "hipposcottimus won on time"]
[StartTime "00:23:22"]
[EndDate "2010.12.05"]
[EndTime "00:25:17"]
[Link "https://www.chess.com/game/live/74122188"]

1. d4 d5 2. e3 c6 3. c4 Nd7 4. b3 e6 5. Bb2 Ngf6 6. Nd2 Bb4 7. Nf3 dxc4 8. bxc4 c5 9. a3 Ba5 10. dxc5 Nxc5 11. Be2 Nd3+ 12. Bxd3 Qxd3 13. Qe2 Qb3 14. Rb1 O-O 15. O-O e5 16. Nxb3 e4 17. Nfd4 Bg4 18. Qd1 Rfe8 19. Qc2 Rad8 20. Nxa5 b6 21. Nac6 Rc8 22. Bc3 b5 23. cxb5 a6 24. a4 axb5 25. axb5 Rc7 26. b6 Rb7 27. Ba5 Nd7 28. Rfd1 Reb8 29. Rd2 Rc8 30. Qb2 Bf5 31. Nxf5 g6 32. Rxd7 gxf5 33. Rxb7 Re8 34. Re7 Rc8 0-1

[Event "Live Chess"]
[Site "Chess.com"]
[Date "2010.12.05"]
[Round "-"]
[White "hipposcottimus"]
[Black "classicmusic0505"]
[Result "0-1"]
[CurrentPosition "3Q4/1R3p1k/7q/3p3p/2pP3K/6R1/5P1P/4r3 w - -"]
[Timezone "UTC"]
[ECO "B20"]
[ECOUrl "https://www.chess.com/openings/Sicilian-Defense-Bowdler-Attack-2...e6"]
[UTCDate "2010.12.05"]
[UTCTime "00:20:39"]
[WhiteElo "1567"]
[BlackElo "1751"]
[TimeControl "60"]
[Termination "classicmusic0505 won on time"]
[StartTime "00:20:39"]
[EndDate "2010.12.05"]
[EndTime "00:22:49"]
[Link "https://www.chess.com/game/live/74121650"]

1. e4 c5 2. Bc4 e6 3. Nf3 d5 4. exd5 exd5 5. Bb5+ Nc6 6. d3 a6 7. Nbd2 axb5 8. O-O Nf6 9. Re1+ Be7 10. Nb3 O-O 11. d4 c4 12. Nbd2 b4 13. c3 bxc3 14. bxc3 Ne4 15. a4 Nxd2 16. Qxd2 Bg4 17. Ba3 Bxf3 18. gxf3 Bxa3 19. Rxa3 Qh4 20. Kh1 Nxd4 21. cxd4 Qh5 22. Rc3 Qg6 23. Rg1 Qf5 24. f4 Rfd8 25. Qe3 Rxa4 26. Qg3 g6 27. Qh4 Re8 28. Rgg3 Re4 29. Rh3 Ra1+ 30. Kg2 h5 31. Qd8+ Kg7 32. Rb3 Qxf4 33. Rxb7 Qg4+ 34. Rg3 Rg1+ 35. Kxg1 Re1+ 36. Kg2 Qe4+ 37. Kh3 Qe6+ 38. Kh4 g5+ 39. Kxg5 Qh6+ 40. Kh4+ Kh7 0-1